AoeStats
← JorgeWp9

Arabia

507810759Analyzed
1v1 RM · 12d ago on Sep 19, 2026· 65m 19s· 2 players
Game mode
Random Map
Map size
Tiny (2 player)
Population
200
Speed
Normal
Resources
Standard
Victory
Conquest
Starting age
Dark Age
Ending age
Imperial Age
RankedLock teamsTeams togetherTeam positionsShared explorationLock speedFull tech treeHidden civsTurbo modeCheats
Victory
Defeat
🇪🇸 Sicilians · Spain
740
+17
🇨🇦 Lithuanians · Canada
759
-17
JorgeWp9
9:12 Loom
11:30 Feudal Age
18:58 Scale Mail Armor
23:38 Wheelbarrow
22:54 Horse Collar
33:57 Castle Age
34:53 Pikeman
39:17 Double-Bit Axe
41:05 First Crusade
48:35 Hand Cart
60:14 Imperial Age
57:37 Arson
59:37 Chain Mail Armor
59:33 Forging
60:21 Elite Serjeant
61:16 Hauberk
61:50 Capped Ram
62:30 Town Watch
Blongman
7:20 Loom
10:50 Feudal Age
14:44 Forging
22:37 Castle Age
42:36 Wheelbarrow
Connection lost

Rejoining the realm…

Still unreachable

The connection could not be restored.

Session expired

The server has moved on; the page needs a fresh start.